TORONTO vs VEGAS

Created - February-08-21 at 14:33

Goals
1 2 3 T
TORONTO 0 2 0 2
VEGAS 1 0 0 1
Shots
1 2 3 T
TORONTO 6 16 6 28
VEGAS 11 8 10 29

1st period

1. VEGAS , Oliver Bjorkstrand 7 (Brock Nelson 15, Braden Holtby) at 1:27 (PP)

Penalties :
Josh Morrissey (TOR) for Tripping (Minor) at 0:17, Josh Morrissey (TOR) for Hooking (Minor) at 14:03, Max Comtois (VGK) for Tripping (Minor) at 19:06, Matt Niskanen (TOR) for Interference (Minor) at 19:06

2nd period

2. TORONTO , Brayden Point 10 (Ondrej Palat 6, Josh Morrissey 3) at 0:29
3. TORONTO , Matt Niskanen 1 (Ondrej Palat 7, Brayden Point 7) at 17:32

Penalties :
No Penalty

3rd period

No Goal

Penalties :
Josh Anderson (VGK) for Tripping (Minor) at 2:51, Oskar Lindblom (TOR) for High sticking (Double Minor) at 7:48

Goalie Stats

Anton Khudobin (TOR), 28 saves from 29 shots - (0.966), W, 5-10-1, 60:00 minutes
Braden Holtby (VGK), 26 saves from 28 shots - (0.929), L, 11-8-1, 60:00 minutes

Players Stats for TORONTO

Player Name              G  A  P  +/- PIM S  H  SB GA TA FO     MP     PP MP  PK MP  
------------------------------------------------------------------------------------
Alex Pietrangelo         0  0  0   1  0   0  3  2  0  0  0/0    23:04   0:52   3:16 
Brady Tkachuk            0  0  0   0  0   0  5  0  0  0  0/0    17:02   1:12   1:15 
Brayden Point            1  1  2   2  0   3  1  0  0  0  16/33  22:43   0:47   3:04 
Curtis Lazar             0  0  0   0  0   1  1  0  0  0  7/11    9:16   0:00   2:20 
Ethan Bear               0  0  0   0  0   0  2  0  0  0  0/0    17:47   0:39   2:30 
Jeff Skinner             0  0  0   0  0   2  1  0  0  0  0/0    11:22   1:12   0:00 
Joe Pavelski             0  0  0   1  0   1  3  0  0  0  2/3    17:43   0:47   0:10 
Jordan Martinook         0  0  0   0  0   1  0  1  0  0  0/0     9:54   0:00   2:38 
Jordie Benn              0  0  0   0  0   2  1  0  0  0  0/0    17:33   0:00   3:15 
Josh Morrissey           0  1  1   1  4   1  1  0  0  0  0/0    20:26   0:28   1:56 
Justin Williams          0  0  0   0  0   0  0  0  0  0  2/2    14:35   0:00   0:00 
Kevin Shattenkirk        0  0  0   1  0   0  1  3  0  0  0/0    19:05   0:52   0:34 
Mark Scheifele           0  0  0   0  0   5  0  0  0  0  7/15   15:49   0:47   0:00 
Matt Niskanen            1  0  1   1  2   3  1  1  0  0  0/0    22:02   1:07   2:45 
Nick Suzuki              0  0  0   0  0   2  3  0  0  0  6/11   11:22   1:12   0:00 
Ondrej Palat             0  2  2   2  0   4  3  1  0  0  0/2    22:07   0:00   3:15 
Oskar Lindblom           0  0  0   0  4   2  1  0  0  0  0/0    10:29   0:00   0:00 
Ryan Reaves              0  0  0   0  0   1  2  0  0  0  1/3     8:30   0:00   1:34 

Players Stats for VEGAS

Player Name              G  A  P  +/- PIM S  H  SB GA TA FO     MP     PP MP  PK MP  
------------------------------------------------------------------------------------
Alexander Kerfoot        0  0  0   0  0   3  1  0  0  0  7/13   13:09   1:03   0:00 
Brent Seabrook           0  0  0  -1  0   1  2  1  0  0  0/0    23:55   3:13   0:53 
Brock Nelson             0  1  1  -1  0   2  0  0  0  0  18/34  21:58   2:51   1:24 
Devon Toews              0  0  0  -1  0   0  0  1  0  0  0/0    16:27   0:37   0:00 
Jack Johnson             0  0  0  -1  0   1  6  1  0  0  0/0    23:55   3:13   0:53 
Jayce Hawryluk           0  0  0  -1  0   1  1  1  0  0  0/1     8:00   0:26   0:00 
Josh Anderson            0  0  0   0  2   1  4  0  0  0  0/1    16:48   3:40   0:00 
Kyle Turris              0  0  0   0  0   2  0  0  0  0  10/19  17:45   3:40   0:35 
Matt Luff                0  0  0   0  0   0  0  0  0  0  0/2     1:06   0:59   0:00 
Max Comtois              0  0  0   0  2   1  1  0  0  0  0/0    12:05   0:00   0:00 
Michael Grabner          0  0  0   0  0   2  0  0  0  0  0/0    16:03   2:54   0:00 
Mikhail Grigorenko       0  0  0  -1  0   0  0  0  0  0  0/0     7:34   0:00   0:00 
Nick Holden              0  0  0   0  0   3  0  1  0  0  0/0    19:38   3:18   1:06 
Nikita Zadorov           0  0  0   0  0   3  2  1  0  0  0/0    19:38   3:18   1:06 
Oliver Bjorkstrand       1  0  1   0  0   2  1  0  0  0  0/2    19:50   2:49   0:35 
Sam Reinhart             0  0  0  -1  0   6  2  0  0  0  0/0    22:09   3:02   1:24 
Slater Koekkoek          0  0  0  -1  0   0  1  1  0  0  0/0    16:27   0:37   0:00 
Troy Terry               0  0  0   0  0   1  0  0  0  0  0/0    11:59   0:00   0:00 
Victor Rask              0  0  0  -1  0   0  0  0  0  0  4/8     7:34   0:00   0:00 

3 Stars

1 - Brayden Point (TOR)
2 - Ondrej Palat (TOR)
3 - Anton Khudobin (TOR)

Power Play

TORONTO - 0 on 1 Attempt(s) - 0.00%
VEGAS - 1 on 4 Attempt(s) - 25.00%

Penalty Kill

TORONTO - 3 on 4 Attempt(s) - 75.00% - Score 0 goal in Penalty Kill
VEGAS - 1 on 1 Attempt(s) - 100.00% - Score 0 goal in Penalty Kill

Team Stat

TORONTO - Hits : 29 - Faceoff Wins : 41 - Blocked Shots : 8 - Penalty Minutes : 10
VEGAS - Hits : 21 - Faceoff Wins : 39 - Blocked Shots : 7 - Penalty Minutes : 4

Official

Referees : Dan Kelly and Tim Mayer
Linesman : Brent Colby and Jonny Murray

Game Notes

No Game Note

Finance

Level 1 -- Attendance: 4756 (79.27%) -- Ticket Income $475,600
Level 2 -- Attendance: 3803 (76.06%) -- Ticket Income $228,180
Level 3 -- Attendance: 1729 (86.45%) -- Ticket Income $60,515
Level 4 -- Attendance: 2349 (58.73%) -- Ticket Income $58,725
Luxury Box -- Attendance: 733 (73.30%) -- Ticket Income $146,600
Game was played at the T-Mobile Arena.
Total Attendance: 13370 (74.28%)
Total Ticket Income: $969,620
Total Income: $969,620

TORONTO

5 vs 5 Forward 
   Center                   Left Wing                Right Wing               Time % Phy DF OF 
 1 Brayden Point            Ondrej Palat             Joe Pavelski             35     1   2  2  
 2 Mark Scheifele           Brady Tkachuk            Justin Williams          30     1   2  2  
 3 Nick Suzuki              Oskar Lindblom           Jeff Skinner             20     1   2  2  
 4 Curtis Lazar             Jordan Martinook         Ryan Reaves              15     2   2  1  

5 vs 5 Defense 
   Defense                  Defense                                           Time % Phy DF OF 
 1 Josh Morrissey           Alex Pietrangelo                                  35     1   2  2  
 2 Matt Niskanen            Kevin Shattenkirk                                 35     1   2  2  
 3 Ethan Bear               Jordie Benn                                       25     1   3  1  
 4 Alex Pietrangelo         Matt Niskanen                                     5      1   2  2  

PowerPlay Forward 
   Center                   Left Wing                Right Wing               Time % Phy DF OF 
 1 Joe Pavelski             Mark Scheifele           Brayden Point            60     1   2  2  
 2 Nick Suzuki              Brady Tkachuk            Jeff Skinner             40     1   2  2  

PowerPlay Defense
   Defense                  Defense                                           Time % Phy DF OF 
 1 Alex Pietrangelo         Kevin Shattenkirk                                 60     1   2  2  
 2 Matt Niskanen            Josh Morrissey                                    40     1   2  2  

Penalty Kill 4 Players Forward 
   Center                   Wing                     Time % Phy DF OF 
 1 Brayden Point            Ondrej Palat             60     1   3  1  
 2 Curtis Lazar             Jordan Martinook         40     1   3  1  

Penalty Kill 4 Players Defense
   Defense                  Defense                  Time % Phy DF OF 
 1 Alex Pietrangelo         Matt Niskanen            60     1   3  1  
 2 Josh Morrissey           Jordie Benn              40     1   3  1  

Penalty Kill - 3 Players Forward 
   Forward                                           Time % Phy DF OF 
 1 Ondrej Palat                                      60     1   3  1  
 2 Jordan Martinook                                  40     1   3  1  

Penalty Kill - 3 Players Defense
   Defense                  Defense                  Time % Phy DF OF 
 1 Alex Pietrangelo         Matt Niskanen            60     1   3  1  
 2 Josh Morrissey           Jordie Benn              40     1   3  1  

4 vs 4 Forward 
   Center                   Wing                     Time % Phy DF OF 
 1 Brayden Point            Ondrej Palat             60     1   2  2  
 2 Mark Scheifele           Brady Tkachuk            40     1   2  2  

4 vs 4 Defense
   Defense                  Defense                  Time % Phy DF OF 
 1 Josh Morrissey           Alex Pietrangelo         60     1   2  2  
 2 Matt Niskanen            Ethan Bear               40     1   2  2  

Last Minutes Offensive
   Center                   Left Wing                Right Wing               Defense                  Defense                  
   Mark Scheifele           Jeff Skinner             Brayden Point            Alex Pietrangelo         Kevin Shattenkirk        

Last Minutes Defensive
   Center                   Left Wing                Right Wing               Defense                  Defense                  
   Brayden Point            Ondrej Palat             Mark Scheifele           Alex Pietrangelo         Matt Niskanen            

Goaltenders
Starting : Anton Khudobin           
Backup : Jonathan Quick           

Extra Forwards
Normal : Joe Pavelski, Jordan Martinook, Oskar Lindblom - PP : Justin Williams, Oskar Lindblom - PK : Ryan Reaves
Extra Defensemen
Normal : Ethan Bear, Jordie Benn, Matt Niskanen - PP : Ethan Bear - PK : Jordie Benn, Alex Pietrangelo
Penalty Shots
Brayden Point, Mark Scheifele, Jeff Skinner, Ondrej Palat, Brady Tkachuk

Scratches
TOR Cap Hit (Suspend)

VEGAS

5 vs 5 Forward 
   Center                   Left Wing                Right Wing               Time % Phy DF OF 
 1 Brock Nelson             Oliver Bjorkstrand       Sam Reinhart             35     1   2  2  
 2 Kyle Turris              Josh Anderson            Michael Grabner          30     1   2  2  
 3 Alexander Kerfoot        Max Comtois              Troy Terry               25     1   2  2  
 4 Victor Rask              Mikhail Grigorenko       Jayce Hawryluk           10     1   2  2  

5 vs 5 Defense 
   Defense                  Defense                                           Time % Phy DF OF 
 1 Brent Seabrook           Jack Johnson                                      35     1   2  2  
 2 Nick Holden              Nikita Zadorov                                    30     1   2  2  
 3 Devon Toews              Slater Koekkoek                                   25     1   2  2  
 4 Brent Seabrook           Jack Johnson                                      10     1   2  2  

PowerPlay Forward 
   Center                   Left Wing                Right Wing               Time % Phy DF OF 
 1 Brock Nelson             Oliver Bjorkstrand       Sam Reinhart             60     1   2  2  
 2 Kyle Turris              Josh Anderson            Michael Grabner          40     1   2  2  

PowerPlay Defense
   Defense                  Defense                                           Time % Phy DF OF 
 1 Brent Seabrook           Jack Johnson                                      60     1   2  2  
 2 Nick Holden              Nikita Zadorov                                    40     1   2  2  

Penalty Kill 4 Players Forward 
   Center                   Wing                     Time % Phy DF OF 
 1 Brock Nelson             Sam Reinhart             60     1   2  2  
 2 Oliver Bjorkstrand       Kyle Turris              40     1   2  2  

Penalty Kill 4 Players Defense
   Defense                  Defense                  Time % Phy DF OF 
 1 Brent Seabrook           Jack Johnson             60     1   2  2  
 2 Nick Holden              Nikita Zadorov           40     1   2  2  

Penalty Kill - 3 Players Forward 
   Forward                                           Time % Phy DF OF 
 1 Brock Nelson                                      60     1   2  2  
 2 Sam Reinhart                                      40     1   2  2  

Penalty Kill - 3 Players Defense
   Defense                  Defense                  Time % Phy DF OF 
 1 Brent Seabrook           Jack Johnson             60     1   2  2  
 2 Nick Holden              Nikita Zadorov           40     1   2  2  

4 vs 4 Forward 
   Center                   Wing                     Time % Phy DF OF 
 1 Brock Nelson             Sam Reinhart             60     1   2  2  
 2 Oliver Bjorkstrand       Kyle Turris              40     1   2  2  

4 vs 4 Defense
   Defense                  Defense                  Time % Phy DF OF 
 1 Brent Seabrook           Jack Johnson             60     1   2  2  
 2 Nick Holden              Nikita Zadorov           40     1   2  2  

Last Minutes Offensive
   Center                   Left Wing                Right Wing               Defense                  Defense                  
   Brock Nelson             Oliver Bjorkstrand       Sam Reinhart             Brent Seabrook           Jack Johnson             

Last Minutes Defensive
   Center                   Left Wing                Right Wing               Defense                  Defense                  
   Brock Nelson             Oliver Bjorkstrand       Sam Reinhart             Brent Seabrook           Jack Johnson             

Goaltenders
Starting : Braden Holtby            
Backup : Tristan Jarry            

Extra Forwards
Normal : Matt Luff, Alexander Kerfoot, Max Comtois - PP : Matt Luff, Alexander Kerfoot - PK : Max Comtois
Extra Defensemen
Normal : Devon Toews, Slater Koekkoek, Nick Holden - PP : Devon Toews - PK : Slater Koekkoek, Nick Holden
Penalty Shots
Brock Nelson, Sam Reinhart, Oliver Bjorkstrand, Kyle Turris, Josh Anderson

Scratches
Daniel Sprong (Healthy), VGK Cap Hit (Suspend)

% Time on Ice - TORONTO

Lines # - Real PCT - Wanted PCT - Time Play
Normal Forward
1 - 35% - 35% - 16:46
2 - 30% - 30% - 14:35
3 - 21% - 20% - 10:10
4 - 14% - 15% - 6:56
Normal Defense
1 - 35% - 35% - 17:03
2 - 36% - 35% - 17:39
3 - 28% - 25% - 13:20
4 - 1% - 5% - 0:25
PP Forward
1 - 39% - 60% - 0:47
2 - 61% - 40% - 1:12
PP Defense
1 - 44% - 60% - 0:52
2 - 56% - 40% - 1:07
PK Forward
1 - 67% - 60% - 4:48
2 - 33% - 40% - 2:20
PK Defense
1 - 54% - 60% - 3:53
2 - 46% - 40% - 3:15
PK3 Forward
1 - 0% - 60%
2 - 0% - 40%
PK3 Defense
1 - 0% - 60%
2 - 0% - 40%
44 Forward
1 - 100% - 60% - 1:59
2 - 0% - 40% - 0:00
44 Defense
1 - 51% - 60% - 1:01
2 - 49% - 40% - 0:58
Last Minute Offensive  - 0:00
Last Minute Defensive  - 0:27
Total
Forward - 60:00
Defense - 60:00

% Time on Ice - VEGAS

Lines # - Real PCT - Wanted PCT - Time Play
Normal Forward
1 - 33% - 35% - 16:05
2 - 27% - 30% - 13:09
3 - 25% - 25% - 11:59
4 - 16% - 10% - 7:34
Normal Defense
1 - 33% - 35% - 16:13
2 - 31% - 30% - 14:59
3 - 32% - 25% - 15:43
4 - 4% - 10% - 1:52
PP Forward
1 - 49% - 60% - 3:28
2 - 51% - 40% - 3:40
PP Defense
1 - 54% - 60% - 3:50
2 - 46% - 40% - 3:18
PK Forward
1 - 71% - 60% - 1:24
2 - 29% - 40% - 0:35
PK Defense
1 - 45% - 60% - 0:53
2 - 55% - 40% - 1:06
PK3 Forward
1 - 0% - 60%
2 - 0% - 40%
PK3 Defense
1 - 0% - 60%
2 - 0% - 40%
44 Forward
1 - 82% - 60% - 1:38
2 - 18% - 40% - 0:21
44 Defense
1 - 87% - 60% - 1:44
2 - 13% - 40% - 0:15
Last Minute Offensive  - 0:07
Last Minute Defensive  - 0:00
Total
Forward - 60:00
Defense - 60:00

Play-by-Play

1st period


0:01 of 1st period - Brock Nelson wins face-off versus Joe Pavelski in neutral zone.
0:03 of 1st period - Oliver Bjorkstrand is hit by Joe Pavelski and loses puck.
0:17 of 1st period - Minor Penalty to Josh Morrissey for Tripping.
0:18 of 1st period - Brayden Point wins face-off versus Josh Anderson in TORONTO zone.
0:18 of 1st period - Brayden Point is hit by Josh Anderson.
1:27 of 1st period - Shot by Oliver Bjorkstrand.
1:27 of 1st period - Goal by Oliver Bjorkstrand - TORONTO : 0 - VEGAS : 1.
1:28 of 1st period - Mark Scheifele wins face-off versus Alexander Kerfoot in neutral zone.
1:42 of 1st period - Icing by Devon Toews.
1:43 of 1st period - Alexander Kerfoot wins face-off versus Nick Suzuki in VEGAS zone.
3:15 of 1st period - Icing by Nikita Zadorov.
3:16 of 1st period - Kyle Turris wins face-off versus Mark Scheifele in VEGAS zone.
3:16 of 1st period - Michael Grabner is hit by Brady Tkachuk and loses puck.
3:22 of 1st period - Michael Grabner is hit by Brady Tkachuk and loses puck.
3:27 of 1st period - Alex Pietrangelo is hit by Josh Anderson and loses puck.
3:40 of 1st period - Shot by Brock Nelson.
3:40 of 1st period - Stopped by Anton Khudobin without a rebound.
3:41 of 1st period - Curtis Lazar wins face-off versus Brock Nelson in TORONTO zone.
3:47 of 1st period - Icing by Jordie Benn.
3:48 of 1st period - Curtis Lazar wins face-off versus Brock Nelson in TORONTO zone.
3:52 of 1st period - Ethan Bear is hit by Jack Johnson and loses puck.
4:01 of 1st period - Shot by Jordan Martinook.
4:01 of 1st period - Shot Hit the Post.
5:00 of 1st period - Icing by Jordie Benn.
5:01 of 1st period - Alexander Kerfoot wins face-off versus Curtis Lazar in TORONTO zone.
5:04 of 1st period - Shot by Troy Terry.
5:04 of 1st period - Shot Blocked by Jordan Martinook.
5:06 of 1st period - Shot by Nick Holden.
5:06 of 1st period - Stopped by Anton Khudobin without a rebound.
5:07 of 1st period - Justin Williams wins face-off versus Kyle Turris in TORONTO zone.
5:19 of 1st period - Shot by Kyle Turris.
5:19 of 1st period - Stopped by Anton Khudobin without a rebound.
5:20 of 1st period - Brayden Point wins face-off versus Alexander Kerfoot in TORONTO zone.
6:46 of 1st period - Icing by Devon Toews.
6:47 of 1st period - Nick Suzuki wins face-off versus Alexander Kerfoot in VEGAS zone.
7:10 of 1st period - Shot by Jeff Skinner.
7:10 of 1st period - Shot Blocked by Devon Toews.
7:12 of 1st period - Shot by Oskar Lindblom.
7:12 of 1st period - Shot Misses the Net.
7:24 of 1st period - Shot by Nick Suzuki.
7:24 of 1st period - Stopped by Braden Holtby without a rebound.
7:25 of 1st period - Brayden Point wins face-off versus Brock Nelson in VEGAS zone.
7:29 of 1st period - Icing by Brent Seabrook.
7:30 of 1st period - Joe Pavelski wins face-off versus Brock Nelson in VEGAS zone.
7:35 of 1st period - Shot by Brayden Point.
7:35 of 1st period - Stopped by Braden Holtby without a rebound.
7:36 of 1st period - Mark Scheifele wins face-off versus Brock Nelson in VEGAS zone.
7:44 of 1st period - Icing by Brent Seabrook.
7:45 of 1st period - Brock Nelson wins face-off versus Brayden Point in VEGAS zone.
7:45 of 1st period - Brock Nelson is hit by Ondrej Palat.
8:15 of 1st period - Shot by Sam Reinhart.
8:15 of 1st period - Shot Misses the Net.
8:20 of 1st period - Icing by Brayden Point.
8:21 of 1st period - Kyle Turris wins face-off versus Ondrej Palat in TORONTO zone.
8:36 of 1st period - Shot by Michael Grabner.
8:36 of 1st period - Shot Misses the Net.
8:45 of 1st period - Icing by Matt Niskanen.
8:46 of 1st period - Victor Rask wins face-off versus Brayden Point in TORONTO zone.
10:11 of 1st period - Oliver Bjorkstrand is hit by Ethan Bear and loses puck.
10:33 of 1st period - Shot by Oliver Bjorkstrand.
10:33 of 1st period - Shot Misses the Net.
10:35 of 1st period - Shot by Sam Reinhart.
10:35 of 1st period - Shot Misses the Net.
12:20 of 1st period - Off-side.
12:21 of 1st period - Brock Nelson wins face-off versus Mark Scheifele in neutral zone.
12:21 of 1st period - Brock Nelson is hit by Brady Tkachuk.
12:30 of 1st period - Off-side.
12:31 of 1st period - Alexander Kerfoot wins face-off versus Mark Scheifele in neutral zone.
12:53 of 1st period - Shot by Mark Scheifele.
12:53 of 1st period - Stopped by Braden Holtby without a rebound.
12:54 of 1st period - Nick Suzuki wins face-off versus Brock Nelson in VEGAS zone.
13:09 of 1st period - Shot by Jeff Skinner.
13:09 of 1st period - Stopped by Braden Holtby without a rebound.
13:10 of 1st period - Brayden Point wins face-off versus Victor Rask in VEGAS zone.
13:18 of 1st period - Shot by Jack Johnson.
13:18 of 1st period - Shot Blocked by Kevin Shattenkirk.
13:20 of 1st period - Shot by Brent Seabrook.
13:20 of 1st period - Stopped by Anton Khudobin without a rebound.
13:21 of 1st period - Mark Scheifele wins face-off versus Brock Nelson in TORONTO zone.
13:52 of 1st period - Shot by Brady Tkachuk.
13:52 of 1st period - Shot Blocked by Nikita Zadorov.
14:03 of 1st period - Minor Penalty to Josh Morrissey for Hooking.
14:04 of 1st period - Kyle Turris wins face-off versus Brayden Point in TORONTO zone.
14:15 of 1st period - Shot by Brent Seabrook.
14:15 of 1st period - Shot Misses the Net.
14:17 of 1st period - Shot by Michael Grabner.
14:17 of 1st period - Stopped by Anton Khudobin without a rebound.
14:18 of 1st period - Brayden Point wins face-off versus Kyle Turris in TORONTO zone.
14:51 of 1st period - Jack Johnson is hit by Matt Niskanen and loses puck.
15:15 of 1st period - Shot by Sam Reinhart.
15:15 of 1st period - Shot Misses the Net.
15:17 of 1st period - Shot by Nick Holden.
15:17 of 1st period - Shot Blocked by Matt Niskanen.
15:19 of 1st period - Shot by Nikita Zadorov.
15:19 of 1st period - Stopped by Anton Khudobin with a rebound.
15:21 of 1st period - Shot by Nikita Zadorov.
15:21 of 1st period - Stopped by Anton Khudobin with a rebound.
15:23 of 1st period - Shot by Nikita Zadorov.
15:23 of 1st period - Shot Blocked by Alex Pietrangelo.
15:25 of 1st period - Shot by Nikita Zadorov.
15:25 of 1st period - Stopped by Anton Khudobin without a rebound.
15:26 of 1st period - Brock Nelson wins face-off versus Brayden Point in TORONTO zone.
16:09 of 1st period - Shot by Troy Terry.
16:09 of 1st period - Shot Misses the Net.
16:24 of 1st period - Shot by Alexander Kerfoot.
16:24 of 1st period - Stopped by Anton Khudobin without a rebound.
16:25 of 1st period - Mark Scheifele wins face-off versus Kyle Turris in TORONTO zone.
16:52 of 1st period - Shot by Mark Scheifele.
16:52 of 1st period - Stopped by Braden Holtby without a rebound.
16:53 of 1st period - Alexander Kerfoot wins face-off versus Curtis Lazar in VEGAS zone.
16:53 of 1st period - Alexander Kerfoot is hit by Ryan Reaves.
17:05 of 1st period - Shot by Max Comtois.
17:05 of 1st period - Shot Misses the Net.
17:26 of 1st period - Off-side.
17:27 of 1st period - Brock Nelson wins face-off versus Brayden Point in neutral zone.
17:42 of 1st period - Shot by Ondrej Palat.
17:42 of 1st period - Shot Misses the Net.
18:00 of 1st period - Shot by Ondrej Palat.
18:00 of 1st period - Stopped by Braden Holtby without a rebound.
18:01 of 1st period - Mark Scheifele wins face-off versus Kyle Turris in VEGAS zone.
19:06 of 1st period - Minor Penalty to Max Comtois for Tripping.
19:06 of 1st period - Minor Penalty to Matt Niskanen for Interference.
19:07 of 1st period - Brock Nelson wins face-off versus Brayden Point in TORONTO zone.
19:28 of 1st period - Shot by Sam Reinhart.
19:28 of 1st period - Stopped by Anton Khudobin without a rebound.
19:29 of 1st period - Brock Nelson wins face-off versus Brayden Point in TORONTO zone.
19:43 of 1st period - Shot by Brayden Point.
19:43 of 1st period - Shot Misses the Net.
19:45 of 1st period - Shot by Brayden Point.
19:45 of 1st period - Shot Blocked by Jack Johnson.
Goals for this period are 0 for TORONTO vs 1 for VEGAS.
Shots for this period are 6 for TORONTO vs 11 for VEGAS.

2nd period


0:01 of 2nd period - Brock Nelson wins face-off versus Brayden Point in neutral zone.
0:03 of 2nd period - Sam Reinhart is hit by Alex Pietrangelo and loses puck.
0:14 of 2nd period - Brock Nelson is hit by Brayden Point and loses puck.
0:29 of 2nd period - Shot by Ondrej Palat.
0:29 of 2nd period - Deflect By Brayden Point.
0:29 of 2nd period - Goal by Brayden Point - TORONTO : 1 - VEGAS : 1.
0:30 of 2nd period - Brock Nelson wins face-off versus Brayden Point in neutral zone.
0:44 of 2nd period - Icing by Brayden Point.
0:45 of 2nd period - Brayden Point wins face-off versus Oliver Bjorkstrand in TORONTO zone.
1:19 of 2nd period - Shot by Troy Terry.
1:19 of 2nd period - Stopped by Anton Khudobin without a rebound.
1:20 of 2nd period - Victor Rask wins face-off versus Nick Suzuki in TORONTO zone.
1:39 of 2nd period - Shot by Nick Suzuki.
1:39 of 2nd period - Stopped by Braden Holtby without a rebound.
1:40 of 2nd period - Brock Nelson wins face-off versus Mark Scheifele in VEGAS zone.
1:40 of 2nd period - Brock Nelson is hit by Brady Tkachuk.
3:06 of 2nd period - Shot by Nick Holden.
3:06 of 2nd period - Shot Misses the Net.
3:26 of 2nd period - Slater Koekkoek is hit by Joe Pavelski and loses puck.
3:39 of 2nd period - Shot by Alexander Kerfoot.
3:39 of 2nd period - Shot Misses the Net.
3:41 of 2nd period - Shot by Slater Koekkoek.
3:41 of 2nd period - Deflect By Alexander Kerfoot.
3:41 of 2nd period - Stopped by Anton Khudobin without a rebound.
3:42 of 2nd period - Nick Suzuki wins face-off versus Victor Rask in TORONTO zone.
4:12 of 2nd period - Shot by Jordie Benn.
4:12 of 2nd period - Stopped by Braden Holtby with a rebound.
4:14 of 2nd period - Shot by Jeff Skinner.
4:14 of 2nd period - Deflect By Oskar Lindblom.
4:14 of 2nd period - Stopped by Braden Holtby without a rebound.
4:15 of 2nd period - Mark Scheifele wins face-off versus Brock Nelson in VEGAS zone.
4:46 of 2nd period - Shot by Sam Reinhart.
4:46 of 2nd period - Stopped by Anton Khudobin without a rebound.
4:47 of 2nd period - Curtis Lazar wins face-off versus Kyle Turris in TORONTO zone.
4:47 of 2nd period - Ethan Bear is hit by Josh Anderson and loses puck.
4:52 of 2nd period - Shot by Kyle Turris.
4:52 of 2nd period - Stopped by Anton Khudobin without a rebound.
4:53 of 2nd period - Kyle Turris wins face-off versus Curtis Lazar in TORONTO zone.
5:09 of 2nd period - Jordan Martinook is hit by Nikita Zadorov and loses puck.
5:37 of 2nd period - Icing by Nick Holden.
5:38 of 2nd period - Brayden Point wins face-off versus Kyle Turris in VEGAS zone.
5:45 of 2nd period - Shot by Matt Niskanen.
5:45 of 2nd period - Stopped by Braden Holtby without a rebound.
5:46 of 2nd period - Brock Nelson wins face-off versus Ondrej Palat in VEGAS zone.
6:21 of 2nd period - Shot by Oliver Bjorkstrand.
6:21 of 2nd period - Stopped by Anton Khudobin with a rebound.
6:23 of 2nd period - Shot by Sam Reinhart.
6:23 of 2nd period - Stopped by Anton Khudobin without a rebound.
6:24 of 2nd period - Alexander Kerfoot wins face-off versus Mark Scheifele in TORONTO zone.
7:34 of 2nd period - Shot by Jeff Skinner.
7:34 of 2nd period - Stopped by Braden Holtby without a rebound.
7:35 of 2nd period - Brock Nelson wins face-off versus Brayden Point in VEGAS zone.
7:35 of 2nd period - Brock Nelson is hit by Ondrej Palat.
7:41 of 2nd period - Shot by Brent Seabrook.
7:41 of 2nd period - Deflect By Sam Reinhart.
7:41 of 2nd period - Stopped by Anton Khudobin without a rebound.
7:42 of 2nd period - Brock Nelson wins face-off versus Brayden Point in TORONTO zone.
8:13 of 2nd period - Shot by Matt Niskanen.
8:13 of 2nd period - Stopped by Braden Holtby without a rebound.
8:14 of 2nd period - Kyle Turris wins face-off versus Nick Suzuki in VEGAS zone.
8:14 of 2nd period - Kyle Turris is hit by Nick Suzuki.
8:36 of 2nd period - Michael Grabner is hit by Josh Morrissey and loses puck.
8:51 of 2nd period - Jeff Skinner is hit by Josh Anderson and loses puck.
9:32 of 2nd period - Shot by Mark Scheifele.
9:32 of 2nd period - Stopped by Braden Holtby without a rebound.
9:33 of 2nd period - Brayden Point wins face-off versus Brock Nelson in VEGAS zone.
9:33 of 2nd period - Ondrej Palat is hit by Jack Johnson and loses puck.
9:41 of 2nd period - Oliver Bjorkstrand is hit by Ethan Bear.
10:01 of 2nd period - Shot by Brock Nelson.
10:01 of 2nd period - Stopped by Anton Khudobin without a rebound.
10:02 of 2nd period - Mark Scheifele wins face-off versus Jayce Hawryluk in TORONTO zone.
10:55 of 2nd period - Icing by Nick Holden.
10:56 of 2nd period - Victor Rask wins face-off versus Brayden Point in VEGAS zone.
10:56 of 2nd period - Victor Rask is hit by Ondrej Palat.
11:28 of 2nd period - Shot by Brayden Point.
11:28 of 2nd period - Shot Blocked by Brent Seabrook.
11:30 of 2nd period - Shot by Josh Morrissey.
11:30 of 2nd period - Stopped by Braden Holtby without a rebound.
11:31 of 2nd period - Curtis Lazar wins face-off versus Kyle Turris in VEGAS zone.
11:34 of 2nd period - Shot by Jordan Martinook.
11:34 of 2nd period - Stopped by Braden Holtby with a rebound.
11:36 of 2nd period - Shot by Ryan Reaves.
11:36 of 2nd period - Shot Misses the Net.
11:38 of 2nd period - Shot by Ryan Reaves.
11:38 of 2nd period - Stopped by Braden Holtby with a rebound.
11:40 of 2nd period - Shot by Jordie Benn.
11:40 of 2nd period - Stopped by Braden Holtby without a rebound.
11:41 of 2nd period - Nick Suzuki wins face-off versus Alexander Kerfoot in VEGAS zone.
11:41 of 2nd period - Oskar Lindblom is hit by Brent Seabrook and loses puck.
11:44 of 2nd period - Shot by Oskar Lindblom.
11:44 of 2nd period - Stopped by Braden Holtby without a rebound.
11:45 of 2nd period - Brock Nelson wins face-off versus Curtis Lazar in VEGAS zone.
11:59 of 2nd period - Icing by Matt Niskanen.
12:00 of 2nd period - Curtis Lazar wins face-off versus Kyle Turris in TORONTO zone.
12:05 of 2nd period - Shot by Ryan Reaves.
12:05 of 2nd period - Shot Misses the Net.
12:07 of 2nd period - Shot by Kevin Shattenkirk.
12:07 of 2nd period - Shot Misses the Net.
12:09 of 2nd period - Shot by Matt Niskanen.
12:09 of 2nd period - Shot Blocked by Nick Holden.
12:15 of 2nd period - Shot by Curtis Lazar.
12:15 of 2nd period - Stopped by Braden Holtby with a rebound.
12:26 of 2nd period - Jordan Martinook is hit by Nikita Zadorov and loses puck.
12:50 of 2nd period - Brayden Point is hit by Brent Seabrook and loses puck.
12:58 of 2nd period - Icing by Sam Reinhart.
12:59 of 2nd period - Justin Williams wins face-off versus Brock Nelson in VEGAS zone.
13:19 of 2nd period - Mark Scheifele is hit by Jack Johnson and loses puck.
13:23 of 2nd period - Brady Tkachuk is hit by Jack Johnson and loses puck.
13:40 of 2nd period - Justin Williams is hit by Sam Reinhart.
14:28 of 2nd period - Icing by Josh Morrissey.
14:29 of 2nd period - Alexander Kerfoot wins face-off versus Brayden Point in TORONTO zone.
14:56 of 2nd period - Shot by Troy Terry.
14:56 of 2nd period - Shot Misses the Net.
15:39 of 2nd period - Nikita Zadorov is hit by Ryan Reaves.
15:50 of 2nd period - Icing by Jordie Benn.
15:51 of 2nd period - Ryan Reaves wins face-off versus Victor Rask in TORONTO zone.
17:02 of 2nd period - Shot by Mark Scheifele.
17:02 of 2nd period - Shot Blocked by Jayce Hawryluk.
17:22 of 2nd period - Shot by Joe Pavelski.
17:22 of 2nd period - Shot Misses the Net.
17:25 of 2nd period - Brayden Point is hit by Slater Koekkoek and loses puck.
17:30 of 2nd period - Shot by Ondrej Palat.
17:30 of 2nd period - Shot Blocked by Slater Koekkoek.
17:32 of 2nd period - Shot by Matt Niskanen.
17:32 of 2nd period - Goal by Matt Niskanen - TORONTO : 2 - VEGAS : 1.
17:33 of 2nd period - Brock Nelson wins face-off versus Nick Suzuki in neutral zone.
17:33 of 2nd period - Brock Nelson is hit by Jeff Skinner.
18:05 of 2nd period - Oliver Bjorkstrand is hit by Nick Suzuki and loses puck.
18:23 of 2nd period - Brayden Point is hit by Jack Johnson and loses puck.
18:28 of 2nd period - Shot by Joe Pavelski.
18:28 of 2nd period - Shot Misses the Net.
18:30 of 2nd period - Shot by Brayden Point.
18:30 of 2nd period - Stopped by Braden Holtby without a rebound.
18:31 of 2nd period - Kyle Turris wins face-off versus Mark Scheifele in VEGAS zone.
18:33 of 2nd period - Icing by Josh Anderson.
18:34 of 2nd period - Kyle Turris wins face-off versus Brayden Point in VEGAS zone.
18:34 of 2nd period - Kyle Turris is hit by Joe Pavelski.
19:10 of 2nd period - Shot by Michael Grabner.
19:10 of 2nd period - Shot Misses the Net.
19:32 of 2nd period - Matt Niskanen is hit by Alexander Kerfoot and loses puck.
Goals for this period are 2 for TORONTO vs 0 for VEGAS.
Shots for this period are 16 for TORONTO vs 8 for VEGAS.

3rd period


0:01 of 3rd period - Brayden Point wins face-off versus Brock Nelson in neutral zone.
0:08 of 3rd period - Shot by Ondrej Palat.
0:08 of 3rd period - Stopped by Braden Holtby without a rebound.
0:09 of 3rd period - Kyle Turris wins face-off versus Mark Scheifele in VEGAS zone.
0:09 of 3rd period - Kyle Turris is hit by Brady Tkachuk.
0:17 of 3rd period - Shot by Michael Grabner.
0:17 of 3rd period - Shot Misses the Net.
1:00 of 3rd period - Off-side.
1:01 of 3rd period - Brock Nelson wins face-off versus Brayden Point in neutral zone.
1:17 of 3rd period - Sam Reinhart is hit by Alex Pietrangelo.
1:20 of 3rd period - Oliver Bjorkstrand is hit by Alex Pietrangelo.
2:01 of 3rd period - Shot by Troy Terry.
2:01 of 3rd period - Shot Misses the Net.
2:10 of 3rd period - Icing by Alex Pietrangelo.
2:11 of 3rd period - Brayden Point wins face-off versus Victor Rask in TORONTO zone.
2:51 of 3rd period - Minor Penalty to Josh Anderson for Tripping.
2:52 of 3rd period - Brock Nelson wins face-off versus Nick Suzuki in VEGAS zone.
3:03 of 3rd period - Brady Tkachuk is hit by Sam Reinhart.
3:15 of 3rd period - Shot by Jeff Skinner.
3:15 of 3rd period - Shot Misses the Net.
3:52 of 3rd period - Off-side.
3:53 of 3rd period - Nick Suzuki wins face-off versus Brock Nelson in neutral zone.
4:37 of 3rd period - Shot by Brent Seabrook.
4:37 of 3rd period - Shot Blocked by Kevin Shattenkirk.
4:39 of 3rd period - Shot by Jack Johnson.
4:39 of 3rd period - Stopped by Anton Khudobin without a rebound.
4:40 of 3rd period - Joe Pavelski wins face-off versus Brock Nelson in TORONTO zone.
5:12 of 3rd period - Slater Koekkoek is hit by Jordie Benn and loses puck.
6:35 of 3rd period - Shot by Michael Grabner.
6:35 of 3rd period - Stopped by Anton Khudobin with a rebound.
6:50 of 3rd period - Icing by Matt Niskanen.
6:51 of 3rd period - Brayden Point wins face-off versus Brock Nelson in TORONTO zone.
7:02 of 3rd period - Shot by Oliver Bjorkstrand.
7:02 of 3rd period - Shot Misses the Net.
7:48 of 3rd period - Double Minor Penalty to Oskar Lindblom for High sticking.
7:49 of 3rd period - Kyle Turris wins face-off versus Ryan Reaves in TORONTO zone.
7:52 of 3rd period - Shot by Nick Holden.
7:52 of 3rd period - Shot Misses the Net.
7:54 of 3rd period - Shot by Josh Anderson.
7:54 of 3rd period - Stopped by Anton Khudobin with a rebound.
7:56 of 3rd period - Shot by Nikita Zadorov.
7:56 of 3rd period - Shot Misses the Net.
7:58 of 3rd period - Shot by Michael Grabner.
7:58 of 3rd period - Shot Misses the Net.
8:00 of 3rd period - Shot by Nick Holden.
8:00 of 3rd period - Shot Blocked by Ondrej Palat.
8:16 of 3rd period - Shot by Michael Grabner.
8:16 of 3rd period - Shot Misses the Net.
8:18 of 3rd period - Shot by Kyle Turris.
8:18 of 3rd period - Shot Misses the Net.
8:52 of 3rd period - Shot by Jack Johnson.
8:52 of 3rd period - Shot Misses the Net.
9:34 of 3rd period - Shot by Nick Holden.
9:34 of 3rd period - Shot Blocked by Alex Pietrangelo.
9:36 of 3rd period - Shot by Nick Holden.
9:36 of 3rd period - Stopped by Anton Khudobin without a rebound.
9:37 of 3rd period - Brayden Point wins face-off versus Matt Luff in TORONTO zone.
11:23 of 3rd period - Shot by Nikita Zadorov.
11:23 of 3rd period - Shot Blocked by Kevin Shattenkirk.
11:25 of 3rd period - Shot by Jayce Hawryluk.
11:25 of 3rd period - Stopped by Anton Khudobin without a rebound.
11:26 of 3rd period - Brock Nelson wins face-off versus Ryan Reaves in TORONTO zone.
11:49 of 3rd period - Matt Niskanen is hit by Jayce Hawryluk.
12:23 of 3rd period - Shot by Jayce Hawryluk.
12:23 of 3rd period - Shot Hit the Post.
12:47 of 3rd period - Shot by Mark Scheifele.
12:47 of 3rd period - Stopped by Braden Holtby without a rebound.
12:48 of 3rd period - Curtis Lazar wins face-off versus Alexander Kerfoot in VEGAS zone.
13:45 of 3rd period - Shot by Sam Reinhart.
13:45 of 3rd period - Deflect By Brock Nelson.
13:45 of 3rd period - Shot Hit the Post.
13:47 of 3rd period - Shot by Nick Holden.
13:47 of 3rd period - Stopped by Anton Khudobin without a rebound.
13:48 of 3rd period - Kyle Turris wins face-off versus Mark Scheifele in TORONTO zone.
15:54 of 3rd period - Shot by Alexander Kerfoot.
15:54 of 3rd period - Stopped by Anton Khudobin without a rebound.
15:55 of 3rd period - Victor Rask wins face-off versus Brayden Point in TORONTO zone.
16:25 of 3rd period - Icing by Josh Morrissey.
16:26 of 3rd period - Brayden Point wins face-off versus Kyle Turris in TORONTO zone.
17:23 of 3rd period - Off-side.
17:24 of 3rd period - Curtis Lazar wins face-off versus Brock Nelson in neutral zone.
17:31 of 3rd period - Jack Johnson is hit by Curtis Lazar and loses puck.
17:40 of 3rd period - Shot by Oliver Bjorkstrand.
17:40 of 3rd period - Deflect By Sam Reinhart.
17:40 of 3rd period - Stopped by Anton Khudobin without a rebound.
17:41 of 3rd period - Alexander Kerfoot wins face-off versus Brayden Point in TORONTO zone.
17:41 of 3rd period - Slater Koekkoek is hit by Kevin Shattenkirk and loses puck.
17:54 of 3rd period - Ondrej Palat is hit by Max Comtois and loses puck.
17:58 of 3rd period - Icing by Brayden Point.
17:59 of 3rd period - Brayden Point wins face-off versus Brock Nelson in TORONTO zone.
18:10 of 3rd period - Shot by Sam Reinhart.
18:10 of 3rd period - Stopped by Anton Khudobin without a rebound.
18:11 of 3rd period - Nick Suzuki wins face-off versus Alexander Kerfoot in TORONTO zone.
18:24 of 3rd period - Slater Koekkoek is hit by Oskar Lindblom.
18:27 of 3rd period - Devon Toews is hit by Nick Suzuki.
18:47 of 3rd period - Shot by Max Comtois.
18:47 of 3rd period - Stopped by Anton Khudobin without a rebound.
18:48 of 3rd period - Brayden Point wins face-off versus Oliver Bjorkstrand in TORONTO zone.
18:48 of 3rd period - Joe Pavelski is hit by Oliver Bjorkstrand.
19:00 of 3rd period - Shot by Ondrej Palat.
19:00 of 3rd period - Shot Misses the Net.
19:02 of 3rd period - Shot by Ondrej Palat.
19:02 of 3rd period - Stopped by Braden Holtby with a rebound.
19:23 of 3rd period - Brayden Point is hit by Jack Johnson and loses puck.
19:26 of 3rd period - Shot by Ondrej Palat.
19:26 of 3rd period - Stopped by Braden Holtby with a rebound.
19:28 of 3rd period - Shot by Joe Pavelski.
19:28 of 3rd period - Stopped by Braden Holtby with a rebound.
19:52 of 3rd period - Shot by Mark Scheifele.
19:52 of 3rd period - Stopped by Braden Holtby without a rebound.
19:53 of 3rd period - Brayden Point wins face-off versus Matt Luff in VEGAS zone.
Goals for this period are 0 for TORONTO vs 0 for VEGAS.
Shots for this period are 6 for TORONTO vs 10 for VEGAS.